 Dungeon Crawl Stone Soup version 0.28.0-43-g3370ac3207 (webtiles) character file.

Game seed: 14845852461321247727

28 diana the Vexing (level 2, -1/11 HPs)
             Began as a Felid Enchanter on Mar 26, 2022.
             Succumbed to an adder's poison
             ... on level 1 of the Dungeon.
             The game lasted 00:02:17 (1046 turns).

diana the Vexing (Felid Enchanter)                  Turns: 1046, Time: 00:02:18

Health: -1/11      AC:  1    Str:  4    XL:     2   Next: 96%
Magic:  6/6        EV: 17    Int: 16    God:
Gold:   23         SH:  0    Dex: 16    Spells: 5/5 levels left
                                        Lives:  0   Deaths: 0

rFire   . . .      SeeInvis +     - Unarmed
rCold   . . .      Faith    .   (shield unavailable)
rNeg    . . .      Spirit   .   (armour unavailable)
rPois   .          Reflect  .   (helmet unavailable)
rElec   .          Harm     .   (cloak unavailable)
rCorr   .          Rampage  .   (gloves unavailable)
Will    .....                   (boots unavailable)
Stlth   +++.......              (no amulet)
HPRegen 0.03/turn               (no ring)
MPRegen 0.10/turn               (no ring)

@: lethally poisoned (-1 -> -9), quick
A: very small, claws 1, fangs 3, see invisible, speed 1, shaggy fur 1, stealthy
paws, no weapons or thrown items, no armour, multi-lived
a: no special abilities


You were on level 1 of the Dungeon.
You visited 1 branch of the dungeon, and saw 2 of its levels.

You collected 23 gold pieces.

Inventory:

Scrolls
 b - 3 scrolls of magic mapping {unknown}
 c - a scroll of teleportation {unknown}
 d - a scroll of torment {unknown}
Potions
 a - a potion of invisibility
 f - a potion of mutation {unknown}


   Skills:
 - Level 2.6 Dodging
 * Level 4.7 Stealth
 + Level 1.5 Unarmed Combat
 + Level 2.2 Spellcasting
 + Level 4.9 Hexes


You had 5 spell levels left.
You didn't know any spells.
Your spell library contained the following spells:

 Spells                   Type           Power      Damage    Failure   Level
 Confusing Touch          Hex            17%        N/A       9%          3
 Tukima's Dance           Hex            17%        N/A       9%          3
 Ensorcelled Hibernation  Hex/Ice        18%        N/A       11%         2
 Dazzling Flash           Conj/Hex       18%        N/A       22%         3
 Spider Form              Tmut/Pois      1%         N/A       52%         3
 Anguish                  Hex/Necr       4%         N/A       58%         4


Dungeon Overview and Level Annotations

Branches:
Dungeon (2/15)

Altars:
Xom

Shops:
D:1 (


Innate Abilities, Weirdness & Mutations

You have sharp claws.
You have razor-sharp teeth.
You have supernaturally acute eyesight. (SInv)
You cover ground quickly. (Speed+)
You are covered in fur. (AC +1)
Your paws help you pounce on unaware monsters.
You are incapable of wielding weapons or throwing items.
You cannot wear armour.
You gain extra lives every three experience levels.


Message History

The adder poisons you! The adder closely misses you.
* * * LOW HITPOINT WARNING * * *
You feel sick.
It was a potion of curing.
You feel better. The adder misses you.
You closely miss the adder. Your bite misses the adder.
The adder is moderately wounded.
The adder bites you. The adder barely misses you. The adder misses you.
There is an open door here.
There is an open door here.
You miss the adder.
The adder is lightly wounded.
The adder misses you. The adder barely misses you.
You scratch the adder.
The adder is severely wounded.
The adder completely misses you.
You scratch the adder.
The adder is almost dead.
The adder barely misses you.
You closely miss the adder.
The adder is almost dead.
The adder barely misses you. The adder bites you.
You are poisoned.
The adder poisons you!
You scratch the adder.
The adder is almost dead.
You feel sick. The adder completely misses you.
You scratch the adder but do no damage.
The adder is almost dead.
You feel sick. The adder bites you.
* * * LOW HITPOINT WARNING * * *
You are more poisoned.
The adder poisons you!
You closely miss the adder.
The adder is almost dead.
* * * LOW HITPOINT WARNING * * *
You feel sick. The adder closely misses you.
You barely miss the adder.
The adder is almost dead.
You die...

.# #.#..# ##.......## #.#..##.#
.###....####.........###....##.#
...........'.........'.........##
.###....####.........####........
........# ##.......## #(......#
####.#### ##.....## #.####..#
#...# ##...## #.# #..# ###.#
##S## #.# ##..# #.# #@# #.# #...#
#.# ###.##### #.# #.#.# #.#
#.......####.###.#.# #.#
#....##.##.#.......# #.#
#....†......####.### #.#
#...>##..#.#.###.#
#.#######.#.###.##......>#
#...........###..###.#####
#########.......#.#.##


You could see an adder.

Vanquished Creatures
  An adder (D:1)
  4 ball pythons (D:1)
  3 bats
  2 endoplasms (D:1)
  A giant cockroach (D:1)
  A hobgoblin (D:1)
  A kobold (D:2)
  A quokka (D:2)
  A frilled lizard (D:1)
  3 rats (D:1)
18 creatures vanquished.

Notes
Turn   | Place    | Note
-------+----------+-------------------------------------------
     0 | D:1      | diana the Felid Enchanter began the quest for the Orb.
     0 | D:1      | Reached XP level 1. HP: 7/7 MP: 4/4
   215 | D:1      | Reached XP level 2. HP: 11/11 MP: 6/6
   276 | D:1      | Found Vuym's Weapon Emporium.
   789 | D:2      | Found a shimmering altar of Xom.
  1046 | D:1      | Succumbed to an adder's poison

Illustrated notes

Levels and vault maps discovered:
D:1:      lemuel_arrival_room, layout_loops_corners, serial_shops,
          nicolae_shop_bloodbath_and_beyond
D:2:      layout_basic, basic_altar

Action                   || total
-------------------------++-------
Melee: Unarmed           ||    34
       Bite              ||     4
       Punch             ||     1
  Use: Potion            ||     1
 Stab: Sleeping          ||    13
       Distracted        ||     1
Dodge: Dodged            ||    27
